 Dungeon Crawl Stone Soup version 0.24-a0-462-ge24419a6ad (webtiles) character file.

Game seed: 9525128199572726303

564 Mithandil the Conjurer (level 7, -2/36 HPs)
             Began as a Deep Elf Conjurer on June 28, 2019.
             Slain by a mummy (10 damage)
             ... in an ossuary on July 1, 2019.
             The game lasted 00:42:40 (3764 turns).

Mithandil the Conjurer (Deep Elf Conjurer)          Turns: 3764, Time: 00:42:41

Health: -2/36      AC:  6    Str:  8    XL:     7   Next: 10%
Magic:  0/17       EV: 17    Int: 22    God:
Gold:   255        SH:  0    Dex: 15    Spells: 3/17 levels left

rFire    . . .     SeeInvis .   a - +0 dagger
rCold    . . .     Gourm    .   (no shield)
rNeg     . . .     Faith    .   f - +0 robe
rPois    .         Spirit   .   e - +0 helmet
rElec    .         Reflect  .   h - +2 cloak
rCorr    .         Harm     .   (no gloves)
MR       .....                  (no boots)
Stlth    +++.......             (no amulet)
HPRegen  0.12/turn              q - +3 ring of strength
MPRegen  0.15/turn              w - +3 ring of evasion

@: no status effects
A: no striking features
a: no special abilities


You were in an ossuary.
You were not hungry.

You visited 1 branch of the dungeon, and saw 6 of its levels.
You also visited: Ossuary.

You collected 255 gold pieces.

Inventory:

Hand Weapons
 a - a +0 dagger (weapon)
 b - a +0 hunting sling
 n - a +0 hunting sling
Missiles
 g - 103 stones (quivered)
Armour
 e - a +0 helmet (worn)
 f - a +0 robe (worn)
 h - a +2 cloak (worn)
 l - a +0 shield
Jewellery
 q - a +3 ring of strength (left hand)
 w - a +3 ring of evasion (right hand)
Wands
 x - a wand of disintegration (11)
Scrolls
 d - a scroll of teleportation
 j - 4 scrolls of remove curse
 k - 4 scrolls of magic mapping
 r - 2 scrolls of identify
Potions
 i - 3 potions of ambrosia {unknown}
 m - a potion of brilliance {unknown}
 o - 2 potions of berserk rage {unknown}
 p - 2 potions of heal wounds {unknown}
 s - a potion of haste {unknown}
 u - a potion of invisibility {unknown}
Comestibles
 c - 6 rations


   Skills:
 + Level 1.8 Short Blades
 + Level 1.8 Slings
 + Level 3.8 Dodging
 + Level 4.2 Stealth
 + Level 1.5 Shields
 * Level 5.6 Spellcasting
 * Level 5.9 Conjurations


You had 3 spell levels left.
You knew the following spells:

 Your Spells              Type           Power        Failure   Level  Hunger
a - Magic Dart            Conj           ####         1%          1    None
b - Searing Ray           Conj           ####..       1%          2    None
c - Iskenderun's Mystic   Conj           ####....     9%          4    ####...
d - Force Lance           Conj/Tloc      ###.....     28%         4    ####...
e - Dazzling Spray        Conj/Hex       ###...       9%          3    ##.....

Your spell library contained the following spells:

 Spells                   Type           Power        Failure   Level  Hunger
 Fulminant Prism          Conj/Hex       ###.......   28%         4    ####...


Dungeon Overview and Level Annotations

Branches:
Dungeon (6/15)
 Temple: D:4-7

Altars:
Elyvilon
Nemelex Xobeh
Qazlal

Annotations:
D:2 Natasha; Sigmund
D:3 1 runed translucent door, hemabe's ghost, amateur HuAr


Message History

You destroy the orc skeleton!
The mummy closely misses you.
Casting: Searing Ray (safe; 1% risk of failure)
Confirm with . or Enter, or press ? or * to list all spells.
Aiming: Searing Ray (safe; 1% risk of failure)
Press: ? - help, Shift-Dir - straight line, f/p - mummy
Aim: a mummy (heavily damaged)
The searing ray hits the mummy.
The mummy is severely damaged. (Press . to maintain the ray.)
You hit the mummy but do no damage.
The mummy is severely damaged.
The mummy hits you!
* * * LOW HITPOINT WARNING * * *
You hit the mummy but do no damage.
The mummy is severely damaged.
You hit the mummy but do no damage.
The mummy is severely damaged.
The mummy hits you!
You die...

#...# #...#
#...# #...#
#...# #...#
##M''##
##..@..##
####.......####
#W▓...∩.∩...▓W#
####.......####
##.....##
##...## ##▓##
#W# ###


You could see 3 wraiths and a mummy.

Vanquished Creatures
  A sky beast (D:4)
  2 phantoms (D:4)
  A scorpion (D:4)
  A crimson imp (D:5)
  A bullfrog skeleton (D:4)
  A centaur skeleton (D:5)
  Natasha (D:2)
  A howler monkey zombie (D:5)
  4 adders
  3 gnolls (D:5)
  2 oozes
  A worm (D:3)
  3 leopard geckos
  An orc (D:4)
  5 bats (D:1)
  3 giant cockroaches
  5 goblins
  A hobgoblin (D:1)
  2 quokkas (D:3)
  2 ball pythons (D:1)
  A frilled lizard (D:5)
  2 gnoll skeletons (Ossuary)
  3 kobolds
  2 kobold skeletons (Ossuary)
  A leopard gecko skeleton (D:5)
  5 orc skeletons (Ossuary)
  4 rats
59 creatures vanquished.

Notes
Turn   | Place    | Note
-------+----------+-------------------------------------------
     0 | D:1      | Mithandil the Deep Elf Conjurer began the quest for the
                  | Orb.
     0 | D:1      | Reached XP level 1. HP: 10/10 MP: 6/6
   152 | D:2      | Found a white marble altar of Elyvilon.
   308 | D:1      | Reached XP level 2. HP: 15/15 MP: 5/8
   312 | D:1      | Learned a level 2 spell: Searing Ray
   974 | D:2      | Noticed Natasha
   978 | D:2      | Killed Natasha
   978 | D:2      | Reached XP level 3. HP: 16/19 MP: 5/10
  1132 | D:2      | Noticed Sigmund
  1207 | D:3      | Found a runed translucent door.
  1207 | D:3      | Noticed hemabe's ghost (amateur HuAr)
  1525 | D:2      | Noticed Natasha
  1783 | D:3      | Found a faded altar of an unknown god.
  1888 | D:3      | Reached XP level 4. HP: 24/24 MP: 5/11
  1909 | D:3      | Reached skill level 1 in Slings
  2128 | D:4      | Found a stormy altar of Qazlal.
  2130 | D:4      | Noticed a water elemental
  2131 | D:4      | Noticed a fire elemental
  2131 | D:4      | Noticed an air elemental
  2131 | D:4      | Noticed an earth elemental
  2224 | D:4      | Reached skill level 5 in Conjurations
  2247 | D:5      | Entered Level 5 of the Dungeon
  2284 | D:4      | Noticed a phantom
  2295 | D:4      | Killed a phantom
  2295 | D:4      | Reached skill level 1 in Short Blades
  2295 | D:4      | Reached XP level 5. HP: 28/28 MP: 1/14
  2296 | D:4      | Noticed a phantom
  2448 | D:4      | Killed a phantom
  2448 | D:4      | Reached skill level 1 in Shields
  2448 | D:4      | Reached skill level 5 in Spellcasting
  2448 | D:4      | Reached XP level 6. HP: 7/32 MP: 0/15
  2454 | D:4      | Learned a level 4 spell: Iskenderun's Mystic Blast
  2937 | D:5      | Noticed a sky beast
  2943 | D:4      | Killed a sky beast
  3266 | D:4      | Found a sparkling altar of Nemelex Xobeh.
  3499 | D:5      | Reached XP level 7. HP: 36/36 MP: 3/17
  3505 | D:5      | Learned a level 4 spell: Force Lance
  3509 | D:5      | Learned a level 3 spell: Dazzling Spray
  3655 | D:5      | Upgraded the game from 0.24-a0-459-g225fefd530 to
                  | 0.24-a0-462-ge24419a6ad
  3703 | D:6      | Found a sand-covered staircase.
  3708 | Ossuary  | Entered an ossuary
  3708 | Ossuary  | Noticed a wraith
  3708 | Ossuary  | Noticed a wraith
  3708 | Ossuary  | Noticed a wraith
  3764 | Ossuary  | Slain by a mummy

Levels and vault maps discovered:
D:1:      shiori_arrival_elements, layout_basic
D:2:      layout_basic, elyvilon_altar_5, serial_forest,
          infiniplex_forest_clump_cross, infiniplex_forest_lined_2,
          infiniplex_forest_clump_double, infiniplex_forest_side_room,
          infiniplex_forest_lined_3, infiniplex_forest_lined_3_way,
          uniq_natasha, uniq_sigmund
D:3:      layout_rooms, hellmonk_ghost_happy_afterlife, first_ration,
          chequers_ecumenical_altar_island
D:4:      layout_basic, nicolae_qazlal_style_of_elements,
          nemelex_dance_club_becter
D:5:      layout_cave_pools, kennysheep_mini, ebering_ghost_rock_garden
D:6:      layout_gridville, bloody_trog, kennysheep_little_box, minitemple,
          nicolae_ossuary_entry_false_entrances, minmay_tree_intersection,
          uniq_grinder
Ossuary:  ossuary_due_mausoleum

Skill      XL: |  1  2  3  4  5  6 |
---------------+-------------------+-----
Dodging        | 3 |  3.8
Stealth        | 3 4 |  4.2
Spellcasting   | 4 5 |  5.6
Slings         | 1 |  1.8
Conjurations   | 5 |  5.9
Short Blades   | 1 |  1.8
Shields        | 1 |  1.5

Action                   |  1- 3 |  4- 6 |  7- 9 || total
-------------------------+-------+-------+-------++-------
Melee: Dagger            |     4 |     4 |    41 ||    49
 Cast: Magic Dart        |    52 |    38 |    10 ||   100
       Searing Ray       |     4 |    15 |     3 ||    22
       Iskenderun's Myst |       |     6 |     4 ||    10
       Dazzling Spray    |       |       |     2 ||     2
  Use: Scroll            |     7 |     3 |     1 ||    11
  Eat: Chunk             |     2 |       |       ||     2
       Ration            |     1 |     1 |     1 ||     3
Armor: Robe              |     1 |     4 |    21 ||    26
Dodge: Dodged            |    12 |     8 |    42 ||    62

Table legend:
 A = Non-vault XP
 B = Vault XP
 C = Vault XP percentage of total XP
 D = Non-vault monster count
 E = Vault monster count
 F = Vault count percentage of total count
                 A         B        C        D         E       F
            +---------+---------+-------+---------+---------+-------
      Total |     752 |      55 |   6.8 |      47 |      12 |  20.3
            +---------+---------+-------+---------+---------+-------
        D:1 |      27 |       0 |   0.0 |      17 |       0 |   0.0
        D:2 |       2 |      36 |  94.7 |       2 |       1 |  33.3
        D:3 |      51 |       0 |   0.0 |      10 |       0 |   0.0
        D:4 |     511 |      10 |   1.9 |       9 |       2 |  18.2
        D:5 |     147 |       0 |   0.0 |       8 |       0 |   0.0
        D:6 |      14 |       0 |   0.0 |       1 |       0 |   0.0
    Ossuary |       0 |       9 | 100.0 |       0 |       9 | 100.0
            +---------+---------+-------+---------+---------+-------
